TOP OF THE 1ST |
Milwaukee Brewers batting - Pitching for California Angels : RHP Rafael Jimenez
|
Pitching: RHP Rafael Jimenez
|
|
Batting: RHB Steve Sax
|
0-0: Ball 1-0: Ball 2-0: Ball 3-0: Called Strike 3-1: Reached via error on a dropped throw from SS, E3 (Groundball, 6D, EV 90.0 MPH)
|
Batting: LHB Von Hayes
|
0-0: Ball 1-0: Fly out, F7 (Flyball, 78S, EV 93.8 MPH)
|
Batting: RHB Eric Davis
|
0-0: Foul Ball, location: 2F 0-1: Ball 1-1: Ball 2-1: Foul Ball, location: 2F 2-2: Foul Ball, location: 2F 2-2: Ball 3-2: Fly out, F8 (Flyball, 89M, EV 81.3 MPH)
|
Batting: SHB Eddie Murray
|
0-0: Ball Wild Pitch! Steve Sax to second 1-0: Foul Ball, location: 2F 1-1: Ball 2-1: Ball 3-1: Base on Balls
|
Batting: LHB Al Oliver
|
0-0: Fly out, F7 (Flyball, 7D, EV 97.5 MPH)
|
Top of the 1st over - 0 runs, 0 hits, 1 error, 2 left on base; Milwaukee 0 - California 0 |
BOTTOM OF THE 1ST |
California Angels batting - Pitching for Milwaukee Brewers : LHP Gary Lucas
|
Pitching: LHP Gary Lucas
|
|
Batting: LHB Ralph Garr
|
0-0: Fly out, F5 (Popup, 5SF, EV 75.0 MPH)
|
Batting: RHB Jeff Atherton
|
0-0: Called Strike 0-1: Ball 1-1: Called Strike 1-2: SINGLE (Groundball, 5S, EV 76.9 MPH) (infield hit)
|
Batting: RHB Frank White
|
0-0: Fielders Choice at 2nd, 2-6 (Groundball, 13S, EV 71.9 MPH)
|
Batting: LHB Brian Rosinski
|
0-0: Fielders Choice at 2nd, 6-4 (Groundball, 56, EV 85.0 MPH)
|
Bottom of the 1st over - 0 runs, 1 hit, 0 errors, 1 left on base; Milwaukee 0 - California 0 |
TOP OF THE 2ND |
Milwaukee Brewers batting - Pitching for California Angels : RHP Rafael Jimenez
|
Batting: RHB Thurman Munson
|
0-0: Ground out 6-3 (Groundball, 6, EV 106.3 MPH)
|
Batting: RHB Glenn Davis
|
0-0: Called Strike 0-1: Foul Ball, location: 2F 0-2: Ground out 4-3 (Groundball, 4, EV 83.8 MPH)
|
Batting: RHB Ken Landreaux
|
0-0: Called Strike 0-1: Ball 1-1: DOUBLE (Line Drive, 3D, EV 101.9 MPH)
|
Batting: SHB Alfredo Griffin
|
0-0: Ball 1-0: Foul Ball, location: 2F 1-1: Foul Ball, location: 2F 1-2: Fly out, F8 (Flyball, 8RM, EV 91.3 MPH)
|
Top of the 2nd over - 0 runs, 1 hit, 0 errors, 1 left on base; Milwaukee 0 - California 0 |
BOTTOM OF THE 2ND |
California Angels batting - Pitching for Milwaukee Brewers : LHP Gary Lucas
|
Batting: LHB Jason D Thompson
|
0-0: Ball 1-0: SINGLE (Groundball, 6D, EV 105.6 MPH)
|
Batting: SHB Manny Castillo
|
0-0: Called Strike 0-1: SINGLE (Groundball, 6MD, EV 97.5 MPH) Jason D Thompson to second Jason D Thompson to third
|
Batting: RHB Mike Bishop
|
0-0: Ball 1-0: Ball 2-0: Swinging Strike 2-1: Called Strike 2-2: Ball 3-2: Strikes out looking
|
Batting: LHB John Milner
|
Pickoff Throw to First - Out! 1-3 0-0: Ball 1-0: Called Strike 1-1: Ball 2-1: Ball 3-1: SINGLE (Groundball, 56S, EV 95.6 MPH) Jason D Thompson scores
|
Batting: SHB Ignacio Medina
|
0-0: Ball 1-0: Fly out, F9 (Flyball, 89M, EV 91.3 MPH)
|
Bottom of the 2nd over - 1 run, 3 hits, 0 errors, 1 left on base; Milwaukee 0 - California 1 |
TOP OF THE 3RD |
Milwaukee Brewers batting - Pitching for California Angels : RHP Rafael Jimenez
|
Batting: RHB Steve Sax
|
0-0: Ball 1-0: Ground out 4-3 (Groundball, 4M, EV 100.0 MPH)
|
Batting: LHB Von Hayes
|
0-0: Ball 1-0: Foul Ball, location: 2F 1-1: Fly out, F8 (Flyball, 8LM, EV 92.5 MPH)
|
Batting: RHB Eric Davis
|
0-0: Called Strike 0-1: Ball 1-1: Foul Ball, location: 2F 1-2: Ball 2-2: Strikes out swinging
|
Top of the 3rd over - 0 runs, 0 hits, 0 errors, 0 left on base; Milwaukee 0 - California 1 |
BOTTOM OF THE 3RD |
California Angels batting - Pitching for Milwaukee Brewers : LHP Gary Lucas
|
Batting: LHB Ralph Garr
|
0-0: Ball 1-0: Ball 2-0: Ball 3-0: Called Strike 3-1: SINGLE (Line Drive, 34D, EV 98.1 MPH)
|
Batting: RHB Jeff Atherton
|
0-0: Called Strike 0-1: Ball 1-1: Swinging Strike 1-2: Ball 2-2: Fly out, F3 (Line Drive, 3, EV 69.4 MPH)
|
Batting: RHB Frank White
|
0-0: Called Strike 0-1: Ball 1-1: Ball 2-1: Called Strike 2-2: Foul Ball, location: 2F 2-2: Fly out, F7 (Flyball, 7D, EV 78.1 MPH)
|
Batting: LHB Brian Rosinski
|
0-0: Foul Ball, location: 2F 0-1: Swinging Strike 0-2: Strikes out swinging
|
Bottom of the 3rd over - 0 runs, 1 hit, 0 errors, 1 left on base; Milwaukee 0 - California 1 |
TOP OF THE 4TH |
Milwaukee Brewers batting - Pitching for California Angels : RHP Rafael Jimenez
|
Batting: SHB Eddie Murray
|
0-0: Called Strike 0-1: Called Strike 0-2: Ball 1-2: Ball 2-2: Strikes out swinging
|
Batting: LHB Al Oliver
|
0-0: Foul Ball, location: 2F 0-1: Ball 1-1: DOUBLE (Line Drive, 89D, EV 113.1 MPH)
|
Batting: RHB Thurman Munson
|
0-0: Called Strike 0-1: Ball 1-1: Foul Ball, location: 2F 1-2: Ball Wild Pitch! Al Oliver to third 2-2: Fly out, F8 (Flyball, 89M, EV 94.4 MPH) Runner from 3rd tags up, SCORES, throw by CF
|
Batting: RHB Glenn Davis
|
0-0: Called Strike 0-1: Swinging Strike 0-2: Ground out 5-3 (Groundball, 5S, EV 82.5 MPH)
|
Top of the 4th over - 1 run, 1 hit, 0 errors, 0 left on base; Milwaukee 1 - California 1 |
BOTTOM OF THE 4TH |
California Angels batting - Pitching for Milwaukee Brewers : LHP Gary Lucas
|
Batting: LHB Jason D Thompson
|
0-0: Called Strike 0-1: Swinging Strike 0-2: Strikes out swinging
|
Batting: SHB Manny Castillo
|
0-0: Ball 1-0: Called Strike 1-1: Called Strike 1-2: Fly out, F8 (Flyball, 8RD, EV 83.8 MPH)
|
Batting: RHB Mike Bishop
|
0-0: Ball 1-0: Swinging Strike 1-1: Swinging Strike 1-2: Ball 2-2: Foul Ball, location: 2F 2-2: Fly out, F3 (Flyball, 3D, EV 80.6 MPH)
|
Bottom of the 4th over - 0 runs, 0 hits, 0 errors, 0 left on base; Milwaukee 1 - California 1 |
TOP OF THE 5TH |
Milwaukee Brewers batting - Pitching for California Angels : RHP Rafael Jimenez
|
Batting: RHB Ken Landreaux
|
0-0: Ball 1-0: SINGLE (Line Drive, 89S, EV 92.5 MPH)
|
Batting: SHB Alfredo Griffin
|
0-0: Sac Bunt to 2L - play at first, batter OUT! 2-3 Ken Landreaux to second
|
Batting: RHB Steve Sax
|
0-0: Called Strike 0-1: Ball 1-1: Ball 2-1: Ground out 6-3 (Groundball, 6, EV 103.8 MPH)
|
Batting: LHB Von Hayes
|
0-0: Called Strike 0-1: Ball 1-1: Ball 2-1: Ball 3-1: Fly out, F8 (Flyball, 8RD, EV 98.8 MPH)
|
Top of the 5th over - 0 runs, 1 hit, 0 errors, 1 left on base; Milwaukee 1 - California 1 |
BOTTOM OF THE 5TH |
California Angels batting - Pitching for Milwaukee Brewers : LHP Gary Lucas
|
Batting: LHB John Milner
|
0-0: Swinging Strike 0-1: Swinging Strike 0-2: Ball 1-2: Ball 2-2: Foul Ball, location: 2F 2-2: Fly out, F7 (Flyball, 78M, EV 88.1 MPH)
|
Batting: SHB Ignacio Medina
|
0-0: Called Strike 0-1: Ball 1-1: Ball 2-1: Fly out, F4 (Flyball, 34D, EV 81.9 MPH)
|
Batting: LHB Ralph Garr
|
0-0: Called Strike 0-1: SINGLE (Groundball, 56S, EV 66.9 MPH) (infield hit)
|
Batting: RHB Jeff Atherton
|
0-0: Ball 1-0: Ball 2-0: Ball 3-0: Called Strike 3-1: Called Strike 3-2: Base on Balls Ralph Garr to second
|
Batting: RHB Frank White
|
0-0: Ball 1-0: Ball 2-0: SINGLE (Groundball, 56S, EV 68.8 MPH) (infield hit) Ralph Garr to third Jeff Atherton to second
|
Batting: LHB Brian Rosinski
|
0-0: Foul Ball, location: 2F 0-1: Foul Ball, location: 2F 0-2: Ball 1-2: Strikes out swinging
|
Bottom of the 5th over - 0 runs, 2 hits, 0 errors, 3 left on base; Milwaukee 1 - California 1 |
TOP OF THE 6TH |
Milwaukee Brewers batting - Pitching for California Angels : RHP Rafael Jimenez
|
Batting: RHB Eric Davis
|
0-0: Fly out, F7 (Flyball, 7LS, EV 73.8 MPH)
|
Batting: SHB Eddie Murray
|
0-0: Ball 1-0: SINGLE (Groundball, 6D, EV 100.0 MPH)
|
Batting: LHB Al Oliver
|
0-0: Ball 1-0: Foul Ball, location: 2F 1-1: Called Strike 1-2: Ball 2-2: Strikes out looking
|
Batting: RHB Thurman Munson
|
0-0: Foul Ball, location: 2F 0-1: Ball 1-1: Ground out 6-3 (Groundball, 6S, EV 80.6 MPH)
|
Top of the 6th over - 0 runs, 1 hit, 0 errors, 1 left on base; Milwaukee 1 - California 1 |
BOTTOM OF THE 6TH |
California Angels batting - Pitching for Milwaukee Brewers : LHP Gary Lucas
|
Batting: LHB Jason D Thompson
|
0-0: Foul Ball, location: 2F 0-1: Ball 1-1: Ball 2-1: SINGLE (Groundball, 13S, EV 69.4 MPH) (infield hit)
|
Batting: SHB Manny Castillo
|
0-0: Foul Ball, location: 2F 0-1: SINGLE (Groundball, 56, EV 99.4 MPH) (infield hit) Jason D Thompson to second
|
Batting: RHB Mike Bishop
|
0-0: Fly out, F9 (Flyball, 89S, EV 90.6 MPH)
|
Batting: LHB John Milner
|
0-0: Ball 1-0: Foul Ball, location: 2F 1-1: Foul Ball, location: 2F 1-2: Ball 2-2: Fly out, F9 (Flyball, 9LS, EV 72.5 MPH)
|
Batting: SHB Ignacio Medina
|
0-0: Ball 1-0: Foul Ball, location: 2F 1-1: Fly out, F9 (Flyball, 9, EV 84.4 MPH)
|
Bottom of the 6th over - 0 runs, 2 hits, 0 errors, 2 left on base; Milwaukee 1 - California 1 |
TOP OF THE 7TH |
Milwaukee Brewers batting - Pitching for California Angels : RHP Rafael Jimenez
|
Batting: RHB Glenn Davis
|
0-0: Foul Ball, location: 2F 0-1: SINGLE (Groundball, 4MD, EV 102.5 MPH)
|
Batting: RHB Ken Landreaux
|
0-0: Ball 1-0: Ball 2-0: Sac Bunt to 3S - play at first, batter OUT! 3-1 Glenn Davis to second
|
Batting: SHB Alfredo Griffin
|
0-0: Ball 1-0: Foul Ball, location: 2F 1-1: Ball 2-1: Ground out 4-3 (Groundball, 4, EV 82.5 MPH) Glenn Davis to third
|
Batting: RHB Steve Sax
|
0-0: Ball 1-0: Foul Ball, location: 2F 1-1: Swinging Strike 1-2: Foul Ball, location: 2F 1-2: Ground out 6-3 (Groundball, 6S, EV 70.0 MPH)
|
Top of the 7th over - 0 runs, 1 hit, 0 errors, 1 left on base; Milwaukee 1 - California 1 |
BOTTOM OF THE 7TH |
California Angels batting - Pitching for Milwaukee Brewers : LHP Gary Lucas
|
Batting: LHB Ralph Garr
|
0-0: Fly out, F4 (Flyball, 34D, EV 85.6 MPH)
|
Batting: RHB Jeff Atherton
|
0-0: Called Strike 0-1: Fly out, F7 (Flyball, 7, EV 88.1 MPH)
|
Batting: RHB Frank White
|
0-0: DOUBLE (Line Drive, 9LS, EV 102.5 MPH)
|
Batting: LHB Brian Rosinski
|
0-0: Ball 1-0: SINGLE (Groundball, 25, EV 69.4 MPH) (infield hit) Frank White to third
|
Batting: LHB Jason D Thompson
|
0-0: Called Strike Brian Rosinski steals 2nd base 0-1: Ball 1-1: Ball 2-1: Foul Ball, location: 2F 2-2: Ball 3-2: Foul Ball, location: 2F 3-2: Ground out 6-3 (Groundball, 56, EV 88.8 MPH)
|
Bottom of the 7th over - 0 runs, 2 hits, 0 errors, 2 left on base; Milwaukee 1 - California 1 |
TOP OF THE 8TH |
Milwaukee Brewers batting - Pitching for California Angels : RHP Rafael Jimenez
|
Batting: LHB Von Hayes
|
0-0: Ball 1-0: Fly out, F9 (Line Drive, 9, EV 91.3 MPH)
|
Batting: RHB Eric Davis
|
0-0: Ball 1-0: Called Strike 1-1: Ball 2-1: Ball 3-1: Called Strike 3-2: Foul Ball, location: 2F 3-2: Fly out, F4 (Popup, 34, EV 60.0 MPH)
|
Pitching: RHP Jerry Reed
|
|
Batting: SHB Eddie Murray
|
0-0: Ball 1-0: Called Strike 1-1: Ground out 3-1 (Groundball, 34, EV 103.1 MPH)
|
Top of the 8th over - 0 runs, 0 hits, 0 errors, 0 left on base; Milwaukee 1 - California 1 |
BOTTOM OF THE 8TH |
California Angels batting - Pitching for Milwaukee Brewers : LHP Gary Lucas
|
Batting: SHB Manny Castillo
|
0-0: Swinging Strike 0-1: Foul Ball, location: 2F 0-2: Ball 1-2: Strikes out looking
|
Batting: RHB Mike Bishop
|
0-0: Ball 1-0: Fly out, F3 (Popup, 3S, EV 68.1 MPH)
|
Batting: LHB John Milner
|
0-0: Ball 1-0: Foul Ball, location: 2F 1-1: Ball 2-1: Called Strike 2-2: Strikes out swinging
|
Bottom of the 8th over - 0 runs, 0 hits, 0 errors, 0 left on base; Milwaukee 1 - California 1 |
TOP OF THE 9TH |
Milwaukee Brewers batting - Pitching for California Angels : RHP Jerry Reed
|
Batting: LHB Al Oliver
|
0-0: Called Strike 0-1: Ball 1-1: SINGLE (Flyball, 6MD, EV 82.5 MPH)
|
Batting: RHB Thurman Munson
|
0-0: SINGLE (Line Drive, 9S, EV 96.9 MPH) Al Oliver to second
|
Batting: RHB Glenn Davis
|
0-0: Ball 1-0: Ball 2-0: Ground out 6-3 (Groundball, 6MD, EV 84.4 MPH) Al Oliver to third Thurman Munson to second
|
Batting: RHB Ken Landreaux
|
0-0: Called Strike 0-1: Fly out, F7 (Flyball, 7S, EV 88.1 MPH)
|
Pinch Hitting: RHB Mike Schmidt
|
0-0: Ball 1-0: Ball 2-0: Called Strike 2-1: Ground out 1-3 (Groundball, 15S, EV 67.5 MPH)
|
Top of the 9th over - 0 runs, 2 hits, 0 errors, 2 left on base; Milwaukee 1 - California 1 |
BOTTOM OF THE 9TH |
California Angels batting - Pitching for Milwaukee Brewers : LHP Gary Lucas
|
Pitching: LHP Jordan Ortiz
|
|
Now at SS: Mike Schmidt
|
|
Pinch Hitting: RHB Duke Hinds
|
0-0: Foul Ball, location: 2F 0-1: Ball 1-1: Ball 2-1: Ball 3-1: Foul Ball, location: 2F 3-2: SINGLE (Flyball, 34D, EV 96.3 MPH)
|
Batting: LHB Ralph Garr
|
0-0: Called Strike 0-1: Bunt missed! 0-2: SINGLE (Line Drive, 5L, EV 103.1 MPH) Duke Hinds to second
|
Batting: RHB Jeff Atherton
|
0-0: Bunted foul 0-1: Bunted foul 0-2: Ball 1-2: Grounds into double play, 6-4-3 (Groundball, 6, EV 84.4 MPH) Duke Hinds to third
|
Batting: RHB Frank White
|
0-0: Ball 1-0: Foul Ball, location: 2F 1-1: Fly out, F5 (Popup, 5SF, EV 71.3 MPH)
|
Bottom of the 9th over - 0 runs, 2 hits, 0 errors, 1 left on base; Milwaukee 1 - California 1 |
TOP OF THE 10TH |
Milwaukee Brewers batting - Pitching for California Angels : RHP Jerry Reed
|
Now in CF: Carlos Pimentel
|
|
Batting: RHB Steve Sax
|
0-0: Swinging Strike 0-1: Called Strike 0-2: Ball 1-2: Strikes out swinging
|
Batting: LHB Von Hayes
|
0-0: Ball 1-0: Foul Ball, location: 2F 1-1: Ground out 4-3 (Groundball, 4MS, EV 67.5 MPH)
|
Batting: RHB Eric Davis
|
0-0: Ball 1-0: Fly out, F4 (Flyball, 34D, EV 89.4 MPH)
|
Top of the 10th over - 0 runs, 0 hits, 0 errors, 0 left on base; Milwaukee 1 - California 1 |
BOTTOM OF THE 10TH |
California Angels batting - Pitching for Milwaukee Brewers : LHP Jordan Ortiz
|
Batting: LHB Brian Rosinski
|
0-0: Called Strike 0-1: Ball 1-1: Foul Ball, location: 2F 1-2: Foul Ball, location: 2F 1-2: Strikes out swinging
|
Batting: LHB Jason D Thompson
|
0-0: Fly out, F8 (Flyball, 78XD, EV 88.1 MPH)
|
Batting: SHB Manny Castillo
|
0-0: Fly out, F8 (Line Drive, 8LM, EV 91.9 MPH)
|
Bottom of the 10th over - 0 runs, 0 hits, 0 errors, 0 left on base; Milwaukee 1 - California 1 |
TOP OF THE 11TH |
Milwaukee Brewers batting - Pitching for California Angels : RHP Jerry Reed
|
Batting: SHB Eddie Murray
|
0-0: Called Strike 0-1: Foul Ball, location: 2F 0-2: Ball 1-2: Foul Ball, location: 2F 1-2: Ground out 4-3 (Groundball, 34D, EV 108.8 MPH)
|
Batting: LHB Al Oliver
|
0-0: Called Strike 0-1: SINGLE (Groundball, 34D, EV 101.9 MPH)
|
Pitching: LHP Tug McGraw
|
|
Batting: RHB Thurman Munson
|
0-0: Ball 1-0: Called Strike 1-1: Swinging Strike 1-2: Ball 2-2: Ground out 6-3 (Groundball, P, EV 83.8 MPH) Al Oliver to second
|
Batting: RHB Glenn Davis
|
0-0: Called Strike 0-1: Ball 1-1: Foul Ball, location: 2F 1-2: Ball 2-2: Fly out, F7 (Flyball, 7, EV 94.4 MPH)
|
Top of the 11th over - 0 runs, 1 hit, 0 errors, 1 left on base; Milwaukee 1 - California 1 |
BOTTOM OF THE 11TH |
California Angels batting - Pitching for Milwaukee Brewers : LHP Jordan Ortiz
|
Batting: RHB Mike Bishop
|
0-0: Ball 1-0: Ground out 4-3 (Groundball, 34D, EV 89.4 MPH)
|
Batting: LHB John Milner
|
0-0: Ball 1-0: Ball 2-0: Fly out, F8 (Line Drive, 8LM, EV 93.1 MPH)
|
Batting: RHB Carlos Pimentel
|
0-0: Called Strike 0-1: Ball 1-1: SOLO HOME RUN (Line Drive, 7LD, EV 105.0 MPH), Distance : 354 ft
|
Bottom of the 11th over - 1 run, 1 hit, 0 errors, 0 left on base; Milwaukee 1 - California 2 |
|